 Dungeon Crawl Stone Soup version 0.17.0-8-gb983d21 (webtiles) character file.

37403 Iskender the Cruncher (level 14, -4/100 HPs)
             Began as a Formicid Wanderer on Nov 6, 2015.
             Was a High Priest of Fedhas.
             Slain by a cyan ugly thing (14 damage)
             ... on level 14 of the Dungeon on Nov 9, 2015.
             The game lasted 03:09:50 (20645 turns).

Iskender the Cruncher (Formicid Wanderer)          Turns: 20645, Time: 03:09:52

Health: -4/100     AC: 27    Str: 22    XL:     14   Next: 28%
Magic:  23/23      EV: 10    Int: 18    God:    Fedhas [*****.]
Gold:   791        SH: 11    Dex:  7    Spells: 4 memorised, 9 levels left

rFire  . . .     SeeInvis +     a - +2 quarterstaff (chaos)
rCold  + . .     Clarity  .     c - +7 Kryia's mail coat {DeviceHeal*2 rC+}
rNeg   . . .     SustAt   .     i - +0 shield
rPois  .         Gourm    .     (helmet unavailable)
rElec  .         Spirit   .     z - +2 cloak
rCorr  .         Warding  .     h - +2 pair of gloves {archery}
rMut   .         Stasis   +     u - +0 pair of boots
MR     +++..                    (no amulet)
Stlth  ..........               p - +3 ring of protection
                                w - ring of the Mage {Wiz MR++ Int+3}

@: studying Unarmed Combat, repel missiles, extremely resistant to hostile
enchantments, extremely unstealthy
A: permanent stasis, dig shafts and tunnels, four strong arms, antennae 3
a: Dig, Shaft Self, Evolution, Sunlight, Growth, Reproduction, Rain, Renounce
Religion


You were on level 14 of the Dungeon.
You worshipped Fedhas.
Fedhas was extremely pleased with you.
You were very hungry.

You visited 3 branches of the dungeon, and saw 19 of its levels.
You also visited: Labyrinth.

You collected 2128 gold pieces.
You spent 1337 gold pieces at shops.

Inventory:

Hand Weapons
 a - a +2 quarterstaff of chaos (weapon)
 b - a +0 greatsling
 k - the +10 falchion of Prudence {venom, rElec rPois Str+3 Dex+3}
   (You found it in a labyrinth)

   It poisons the flesh of those it strikes.
   It affects your strength (+3).
   It affects your dexterity (+3).
   It insulates you from electricity.
   It protects you from poison.
 v - a +1 blowgun
 A - a +0 quarterstaff
Missiles
 o - 101 poisoned needles
 E - 84 sling bullets
 L - 77 bolts
 X - 12 silver bolts
Armour
 c - the +7 Kryia's mail coat (worn) {DeviceHeal*2 rC+}
   (You found it in a labyrinth)

   It protects you from cold.
 e - the +8 chain mail "Huiskuomn" {Dex+4}
   (You found it in a labyrinth)

   It affects your dexterity (+4).
 h - a +2 pair of gloves of archery (worn)
 i - a +0 shield (worn)
 u - a +0 pair of boots (worn)
 z - a +2 cloak (worn)
Jewellery
 g - an uncursed ring of flight
 p - a +3 ring of protection (right hand)
 w - the ring of the Mage (left hand) {Wiz MR++ Int+3}
   (You found it in a labyrinth)

   [ring of wizardry]

   It improves your spell success rate.
   It affects your intelligence (+3).
   It affects your resistance to hostile enchantments.
 N - an uncursed ring of ice
 R - an uncursed ring of protection from fire
 W - an uncursed ring of wizardry
Wands
 d - a wand of lightning (8)
 m - a wand of confusion (48)
 x - a wand of digging (1)
 C - a wand of polymorph (7)
 K - a wand of slowing (15)
Scrolls
 f - 2 scrolls of recharging
 j - a scroll of torment
 y - 2 scrolls of fog
 G - 2 scrolls of amnesia
 H - 5 scrolls of enchant weapon
 I - 2 scrolls of enchant armour
 J - 5 scrolls of fear
 O - a scroll of vulnerability {unknown}
 P - 5 scrolls of remove curse
 S - 2 scrolls of magic mapping
 Z - a scroll of silence
Potions
 l - 2 potions of cancellation
 n - a potion of brilliance
 t - 2 potions of magic
 D - a potion of might
 F - 2 potions of agility
Books
 T - a manual of Unarmed Combat
Miscellaneous
 M - a phial of floods
 V - a phantom mirror
Comestibles
 s - 8 fruits {!e}
 B - 7 meat rations
 Q - 5 beef jerkies
 Y - a bread ration


   Skills:
 - Level 6.1 Fighting
   Level 3.8 Axes
 - Level 14.0 Staves
 - Level 1.5 Throwing
 - Level 11.4 Armour
 - Level 10.3 Shields
 - Level 2.0 Spellcasting
 - Level 3.1 Conjurations
 - Level 2.0 Summonings
 - Level 3.0 Fire Magic
   Level 1.2 Earth Magic
 + Level 12.1 Invocations


You had 9 spell levels left.
You knew the following spells:

 Your Spells              Type           Power        Failure   Level  Hunger
a - Call Imp              Summ           #.......     10%         2    ###....
d - Conjure Flame         Conj/Fire      ##......     14%         3    ###....
r - Repel Missiles        Chrm/Air       #.....       30%         2    ###....
A - Apportation           Tloc           #.........   16%         1    #......


Dungeon Overview and Level Annotations

Branches:
Dungeon (14/15)            Temple (1/1) D:4            Lair (0/8) D:9
    Orc (4/4) D:10            Elf (0/3) Orc:3
 Vaults: D:13-14

Altars:
Ashenzari
Cheibriados
Dithmenos
Elyvilon
Fedhas
Gozag
Kikubaaqudgha
Makhleb
Nemelex Xobeh
Okawaru
Qazlal
Ru
Sif Muna
Trog
Vehumet
Xom
Yredelemnul
Zin
The Shining One
Beogh

Shops:
D:11 [   D:14 ?   Orc:3 *   Orc:4 *%*[


Innate Abilities, Weirdness & Mutations

You are under a permanent stasis effect.
You can dig through walls and to a lower floor.
Your four strong arms can wield two-handed weapons with a shield.
You have a pair of large antennae on your head (SInv).


Message History

Your wandering mushroom is destroyed!
You feel a little guilty. The cyan ugly thing closely misses you.
You hit the cyan ugly thing. You burn the cyan ugly thing.
The cyan ugly thing is severely wounded.
You block the cyan ugly thing's attack.
Your wandering mushroom releases spores at the cyan ugly thing!
The cyan ugly thing is engulfed in a cloud of spores!
The cyan ugly thing basks in the mutagenic energy from its kin and changes!
You hit the cyan ugly thing but do no damage.
The cyan ugly thing is severely wounded.
The cyan ugly thing stings you! The cyan ugly thing shocks you!
* * * LOW HITPOINT WARNING * * *
Your wandering mushroom releases spores at the cyan ugly thing but does no damage.
You completely miss the cyan ugly thing.
The cyan ugly thing is severely wounded.
The cyan ugly thing stings you!!
* * * LOW HITPOINT WARNING * * *
The cyan ugly thing shocks you!
You die...
Fedhas appreciates your contribution to the ecosystem.

################
#..............#
#.#######.###.##
#.#...<.$.@.#.#
#f#.#####.fu#.#
#.#,#......u..#
#.#,#.######..#
#.#,,..<....#.#
#.###.#.###.*.#
#######.#<#.#.#.#.*.#
....f...>.......#.*.#
#######.#.#.#.#.#.*.#


You could see 2 ugly things and a friendly wandering mushroom.

Vanquished Creatures
  An orc warlord (Orc:4)
  A minotaur (Lab)
  Josephine (Orc:2)
  A catoblepas (D:14)
  A centaur warrior (D:13)
  2 orc high priests (Orc:4)
  2 skeletal warriors (D:11)
  2 unseen horrors
  4 hill giants
  4 orc sorcerers (Orc:4)
  3 orc knights (Orc:4)
  A wolf spider zombie (D:13)
  2 cyclopes (D:11)
  A manticore (D:14)
  3 ugly things
  A gargoyle (D:12)
  A centaur skeleton (D:11)
  2 komodo dragons
  3 trolls
  3 slime creatures
  6 two-headed ogres
  A trapdoor spider (D:10)
  12 yaks
  3 deep elf magi
  A wyvern (D:11)
  A mottled dragon (D:12)
  3 wraiths
  5 hungry ghosts
  5 wargs
  A hippogriff (D:12)
  2 soldier ants
  2 black bears
  3 phantoms
  19 orc warriors
  14 ogres
  An eye of draining (D:13)
  3 ice beasts
  A boggart (Orc:4)
  A brain worm (Orc:3)
  3 big kobolds
  9 centaurs
  5 giant frogs
  A gnoll sergeant (D:6)
  A scorpion (D:4)
  A water moccasin skeleton (D:7)
  A troll skeleton (Lab)
  8 wights (D:9)
  9 killer bees
  7 crimson imps
  21 orc priests
  A quasit (D:7)
  A giant frog zombie (D:7)
  A wasp zombie (D:10)
  Crazy Yiuf (D:2)
  3 hounds
  32 orc wizards
  A jelly (D:11)
  3 giant frog skeletons
  14 worker ants
  2 iguanas
  3 sheep (D:11)
  A killer bee zombie (D:7)
  A hound zombie (D:9)
  2 worker ant zombies
  9 gnolls
  17 adders
  3 shadow imps
  2 oozes
  4 worms
  9 giant geckos
  168 orcs
  A ball python (shapeshifter) (Orc:1)
  6 goblins
  12 hobgoblins
  12 jackals
  32 kobolds
  2 quokkas (D:3)
  A ball python (D:1)
  A ball python zombie (D:5)
  12 bats
  4 giant cockroaches
  A giant gecko skeleton (D:9)
  9 giant newts
  A jackal zombie (D:7)
  9 rats
  A toadstool (Orc:4)
571 creatures vanquished.

Vanquished Creatures (collateral kills)
  Rupert (Orc:2)
  2 orc high priests (Orc:4)
  2 skeletal warriors (D:11)
  An orc knight (Orc:4)
  2 ugly things
  A manticore (D:11)
  2 cyclopes
  A gargoyle (D:13)
  A centaur skeleton (D:12)
  A two-headed ogre (Orc:4)
  Prince Ribbit (D:9)
  A slime creature (D:13)
  A wyvern (D:14)
  3 shadows
  A yak (D:9)
  A hungry ghost (D:9)
  2 wraiths
  A steam dragon (D:11)
  4 wargs (Orc:4)
  12 orc warriors
  An ice beast (D:11)
  4 ogres
  A centaur (D:11)
  A giant frog (D:11)
  A wight (D:9)
  14 killer bees
  2 crimson imps
  A centaur zombie (D:11)
  A hound (D:9)
  6 orc wizards
  15 orc priests
  A giant frog skeleton (D:9)
  An iguana (D:11)
  A sheep (D:11)
  An adder (D:11)
  43 orcs
  A jackal (D:9)
  A kobold (D:1)
  A plant (D:11)
138 creatures vanquished.

Vanquished Creatures (others)
  4 oklob plants
  2 orc warriors (D:9)
  22 wandering mushrooms
  A jelly (D:9)
  A worker ant (D:9)
  32 fungi (D:9)
  3 plants
  541 toadstools
606 creatures vanquished.

Grand Total: 1315 creatures vanquished

Notes
Turn   | Place    | Note
--------------------------------------------------------------
     0 | D:1      | Iskender the Formicid Wanderer began the quest for the Orb.
     0 | D:1      | Iskender set off with: a book of Minor Magic, the Incunabulum of the Rocks, a +0 hand axe, a +0 robe, a bread ration
     0 | D:1      | Reached XP level 1. HP: 13/13 MP: 1/1
     0 | D:1      | Identified the Incunabulum of the Rocks
   193 | D:1      | Reached XP level 2. HP: 17/19 MP: 2/2
   427 | D:1      | Reached XP level 3. HP: 3/24 MP: 3/3
   821 | D:1      | Learned a level 2 spell: Call Imp
  1462 | D:2      | Found a stormy altar of Qazlal.
  1566 | D:2      | Found a bloodstained altar of Trog.
  1587 | D:2      | Reached XP level 4. HP: 26/30 MP: 4/4
  1613 | D:2      | Reached skill level 1 in Staves
  1674 | D:2      | Found a shattered altar of Ashenzari.
  2127 | D:2      | Found a sacrificial altar of Ru.
  2378 | D:3      | Reached XP level 5. HP: 28/35 MP: 5/5
  2946 | D:3      | Reached skill level 4 in Staves
  2946 | D:3      | Reached XP level 6. HP: 21/41 MP: 6/6
  3576 | D:4      | Reached skill level 5 in Staves
  3671 | D:4      | Reached XP level 7. HP: 46/46 MP: 7/7
  3741 | D:4      | Found a staircase to the Ecumenical Temple.
  3750 | Temple   | Entered the Ecumenical Temple
  3807 | Temple   | Became a worshipper of Fedhas Madash
  4227 | D:4      | Reached skill level 6 in Staves
  4693 | D:2      | Noticed Crazy Yiuf
  4704 | D:2      | Killed Crazy Yiuf
  4822 | D:5      | Entered Level 5 of the Dungeon
  5110 | D:5      | Reached skill level 7 in Staves
  5380 | D:5      | Reached XP level 8. HP: 52/52 MP: 8/8
  5905 | D:6      | Reached skill level 8 in Staves
  6539 | D:6      | Reached skill level 9 in Staves
  6884 | D:7      | Reached XP level 9. HP: 52/57 MP: 9/9
  6998 | D:7      | Reached skill level 10 in Staves
  7004 | D:7      | Reached * piety under Fedhas
  7296 | D:7      | Found a deep blue altar of Sif Muna.
  7919 | D:8      | Reached skill level 11 in Staves
  8319 | D:9      | Found a sparkling altar of Nemelex Xobeh.
  8359 | D:9      | Found a staircase to the Lair.
  8390 | D:9      | Found a shadowy altar of Dithmenos.
  8425 | D:9      | Noticed Prince Ribbit
  8440 | D:9      | Killed Prince Ribbit
  8506 | D:9      | Reached skill level 12 in Staves
  8506 | D:9      | Reached XP level 10. HP: 54/63 MP: 12/12
  8642 | D:9      | Reached ** piety under Fedhas
  8680 | D:9      | Reached skill level 13 in Staves
  8717 | D:9      | Found a shimmering altar of Xom.
  8766 | D:9      | Found a sacrificial altar of Ru.
  8917 | D:9      | Noticed a troll
  8928 | D:9      | Killed a troll
  9130 | D:9      | Reached *** piety under Fedhas
  9375 | D:9      | Reached skill level 14 in Staves
  9703 | D:10     | Entered Level 10 of the Dungeon
  9726 | D:10     | Noticed a gargoyle
  9820 | D:10     | Reached skill level 1 in Shields
 10002 | D:10     | Found a staircase to the Orcish Mines.
 10015 | D:10     | Reached XP level 11. HP: 68/68 MP: 13/13
 10438 | Orc:1    | Entered Level 1 of the Orcish Mines
 10730 | Orc:1    | Found a bloodstained altar of Trog.
 10771 | Orc:1    | Reached **** piety under Fedhas
 11066 | Orc:2    | Noticed Josephine
 11105 | Orc:1    | Reached skill level 5 in Shields
 11288 | Orc:3    | Found a staircase to the Elven Halls.
 11303 | Orc:3    | Found Siagidol's General Store.
 11314 | Orc:3    | Bought a scroll of fog for 24 gold pieces
 11440 | Orc:4    | Entered Level 4 of the Orcish Mines
 11464 | Orc:3    | Reached ***** piety under Fedhas
 12024 | Orc:2    | Found a roughly hewn altar of Beogh.
 12026 | Orc:2    | Upgraded the game from 0.17-b1-33-gd9cf236 to 0.17.0-8-gb983d21
 12097 | Orc:2    | Noticed Rupert
 12124 | Orc:2    | Killed Rupert
 12149 | Orc:2    | Killed Josephine
 12149 | Orc:2    | Reached skill level 10 in Shields
 12997 | Orc:4    | Reached skill level 5 in Invocations
 13260 | Orc:4    | Noticed an orc knight
 13275 | Orc:4    | Killed an orc knight
 13363 | Orc:4    | Reached XP level 12. HP: 65/74 MP: 16/16
 13464 | Orc:4    | Reached ****** piety under Fedhas
 13793 | Orc:4    | Noticed an orc sorcerer
 13793 | Orc:4    | Noticed an orc sorcerer
 13855 | Orc:4    | Killed an orc sorcerer
 13909 | Orc:4    | Killed an orc sorcerer
 14019 | Orc:4    | Noticed an orc knight
 14036 | Orc:4    | Killed an orc knight
 14097 | Orc:4    | Learned a level 1 spell: Apportation
 14151 | Orc:4    | Noticed an orc warlord
 14275 | Orc:4    | Killed an orc warlord
 14275 | Orc:4    | Reached skill level 10 in Invocations
 14353 | Orc:4    | Found a roughly hewn altar of Beogh.
 14590 | Orc:4    | Found Semya's Armour Boutique.
 14599 | Orc:4    | Found Ywkiddus's Assorted Antiques.
 14599 | Orc:4    | Noticed an orc knight
 14638 | Orc:4    | Killed an orc knight
 14666 | Orc:4    | Bought a potion of heal wounds for 160 gold pieces
 14666 | Orc:4    | Bought a scroll of identify for 64 gold pieces
 14666 | Orc:4    | Bought a scroll of identify for 64 gold pieces
 14666 | Orc:4    | Bought a scroll labeled EFUFIL YGOIXU for 32 gold pieces
 14701 | Orc:4    | Bought a copper ring for 160 gold pieces
 14701 | Orc:4    | Bought an iron ring for 160 gold pieces
 14736 | Orc:4    | Noticed an orc knight
 14736 | Orc:4    | Noticed an orc sorcerer
 14759 | Orc:4    | Killed an orc knight
 14773 | Orc:4    | Killed an orc sorcerer
 14773 | Orc:4    | Reached skill level 5 in Fighting
 15040 | Orc:4    | Noticed an orc high priest
 15065 | Orc:4    | Killed an orc high priest
 15427 | Orc:4    | Found a roughly hewn altar of Beogh.
 15448 | Orc:4    | Found Dixis's General Store.
 15448 | Orc:4    | Noticed an orc high priest
 15649 | Orc:3    | Reached skill level 5 in Armour
 15931 | Orc:4    | Killed an orc high priest
 15987 | Orc:4    | Reached XP level 13. HP: 93/93 MP: 20/20
 16032 | Orc:4    | Noticed an orc high priest
 16046 | Orc:4    | Killed an orc high priest
 16086 | Orc:4    | Found Fempoblyf's Food Shoppe.
 16087 | Orc:4    | Noticed an orc high priest
 16107 | Orc:4    | Killed an orc high priest
 16107 | Orc:4    | Reached skill level 1 in Spellcasting
 16120 | Orc:4    | Bought 4 fruits for 60 gold pieces
 16207 | Orc:4    | Bought a scroll of remove curse for 96 gold pieces
 16215 | Orc:4    | Learned a level 3 spell: Conjure Flame
 16442 | D:11     | Reached skill level 1 in Conjurations
 16442 | D:11     | Reached skill level 1 in Fire Magic
 16583 | D:11     | Found Lapnel's Antique Armour Boutique.
 16685 | D:11     | Bought a runed chain mail for 139 gold pieces
 16792 | D:11     | Learned a level 2 spell: Repel Missiles
 18386 | D:12     | Reached skill level 10 in Armour
 19072 | D:13     | Reached XP level 14. HP: 68/100 MP: 21/21
 19897 | D:14     | Found a labyrinth entrance.
 19912 | Lab      | Entered a labyrinth
 20326 | Lab      | Got a polished chain mail
 20336 | Lab      | Got a transparent falchion
 20345 | D:14     | Identified the +10 falchion of Prudence {venom, rElec rPois Str+3 Dex+3} (You found it in a labyrinth)
 20378 | D:14     | Identified the +8 chain mail "Huiskuomn" {Dex+4} (You found it in a labyrinth)
 20524 | D:14     | Found Saetitt's Magic Scroll Emporium.
 20530 | D:14     | Bought a scroll of magic mapping for 49 gold pieces
 20530 | D:14     | Bought a scroll of identify for 28 gold pieces
 20533 | D:14     | Bought a scroll of remove curse for 42 gold pieces
 20533 | D:14     | Bought a scroll of enchant armour for 105 gold pieces
 20533 | D:14     | Bought a scroll of enchant weapon for 105 gold pieces
 20533 | D:14     | Bought a scroll of magic mapping for 49 gold pieces
 20645 | D:14     | Slain by a cyan ugly thing

Action                   |  1- 3 |  4- 6 |  7- 9 | 10-12 | 13-15 || total
-------------------------+-------+-------+-------+-------+-------++-------
Melee: Hand axe          |    96 |       |       |       |       ||    96
       Quarterstaff      |    28 |   187 |   310 |  1068 |   630 ||  2223
 Fire: Hunting sling     |       |    53 |   166 |    29 |       ||   248
       Greatsling        |       |       |       |   161 |    19 ||   180
       Blowgun           |       |       |       |    14 |    11 ||    25
Throw: Stone             |    59 |    39 |     1 |       |       ||    99
       Tomahawk          |       |       |     2 |     5 |     6 ||    13
       Javelin           |       |       |       |     2 |       ||     2
       Throwing net      |       |       |       |     3 |     1 ||     4
 Cast: Call Imp          |     4 |       |       |       |     1 ||     5
       Apportation       |       |       |       |       |     5 ||     5
       Conjure Flame     |       |       |       |       |     3 ||     3
       Repel Missiles    |       |       |       |       |     2 ||     2
Invok: Evolution         |       |       |     1 |    18 |    14 ||    33
       Growth            |       |       |       |     3 |       ||     3
 Abil: Dig               |       |     6 |    26 |    19 |    31 ||    82
Evoke: Wand              |       |       |    13 |    21 |     3 ||    37
  Use: Scroll            |     1 |     3 |     7 |    10 |     8 ||    29
       Potion            |       |     1 |     1 |     7 |     6 ||    15
 Stab: Paralysed         |       |       |     2 |     7 |    30 ||    39
       Confused          |       |       |     1 |     6 |     9 ||    16
       Petrifying        |       |       |       |     3 |     1 ||     4
       Petrified         |       |       |       |     3 |       ||     3
       Distracted        |       |       |       |     3 |     1 ||     4
  Eat: Chunk             |     3 |     8 |     9 |    14 |     3 ||    37
       Bread ration      |       |       |     2 |     2 |     2 ||     6
       Royal jelly       |       |       |     1 |       |       ||     1
       Beef jerky        |       |       |       |     4 |     2 ||     6
       Pizza             |       |       |       |     1 |     2 ||     3
       Meat ration       |       |       |       |       |     1 ||     1
